 Dungeon Crawl Stone Soup version 0.23-a0-681-g26ad783 (webtiles) character file.

90672 gruber the Thaumaturge (level 16, -13/125 HPs)
             Began as a Gnoll Skald on Jan 10, 2019.
             Was a High Priest of Okawaru.
             Mangled by an orc warrior
             ... wielding a +0 mace
              (14 damage)
             ... while paralysed by an orc sorcerer
             ... on level 2 of the Orcish Mines.
             The game lasted 00:56:46 (21666 turns).

gruber the Thaumaturge (Gnoll Skald)               Turns: 21666, Time: 00:56:47

Health: -13/125    AC: 22    Str: 17    XL:     16   Next: 1%
Magic:  0/31       EV:  2    Int: 26    God:    Okawaru [*****.]
Gold:   455        SH:  0    Dex: 17    Spells: 18/37 levels left

rFire    + . .     SeeInvis .   M - +2 quarterstaff "Jejith" {elec, +Fly Str+3 Dex+2}
rCold    . . .     Gourm    .   (shield currently unavailable)
rNeg     + + .     Faith    .   V - +4 scale mail "Oxunyil" {rF+ Slay+6}
rPois    .         Spirit   +   J - +2 helmet of Riabluu {rN++}
rElec    .         Reflect  .   O - +2 cloak
rCorr    .         Harm     .   Y - +0 pair of gloves
MR       +....                  n - +0 pair of boots {run}
Stlth    +++.......             i - amulet of guardian spirit
HPRegen  1.30/turn              H - +4 ring of intelligence
MPRegen  0.22/turn              u - +3 ring of slaying

@: paralysed, finesse, regenerating (expiring), quick
A: distributed training, fangs 1, strong nose
a: Heroism, Finesse, Renounce Religion, Evoke Flight


You were on level 2 of the Orcish Mines.
You worshipped Okawaru.
Okawaru was extremely pleased with you.
You were not hungry.

You visited 3 branches of the dungeon, and saw 23 of its levels.
You also visited: Ice Cave.

You collected 2535 gold pieces.
You spent 2080 gold pieces at shops.

Inventory:

Hand Weapons
 j - the +8 battleaxe of Ash {elec, rF++ Dex+4}
   (Okawaru gifted it to you on level 13 of the Dungeon)

   Occasionally, upon striking a foe, it will discharge some electrical energy
   and cause terrible harm.
   It affects your dexterity (+4).
   It greatly protects you from fire.
 M - the +2 quarterstaff "Jejith" (weapon) {elec, +Fly Str+3 Dex+2}
   (You found it on level 10 of the Dungeon)

   Occasionally, upon striking a foe, it will discharge some electrical energy
   and cause terrible harm.
   It affects your strength (+3).
   It affects your dexterity (+2).
   It lets you fly.
Missiles
 b - 13 curare-tipped needles
 q - a throwing net (quivered)
 U - 7 needles of paralysis
Armour
 n - a +0 pair of boots of running (worn)
 J - the +2 helmet of Riabluu (worn) {rN++}
   (You bought it in a shop on level 11 of the Dungeon)

   It greatly protects you from negative energy.
 O - a +2 cloak (worn)
 S - the +0 helmet "Ugont" {Regen+}
   (You found it on level 10 of the Dungeon)

   It increases your rate of regeneration.
 V - the +4 scale mail "Oxunyil" (worn) {rF+ Slay+6}
   (Okawaru gifted it to you on level 1 of the Lair of Beasts)

   It affects your accuracy and damage with ranged weapons and melee attacks
   (+6).
   It protects you from fire.
 Y - a +0 pair of gloves (worn)
Jewellery
 c - an uncursed ring of see invisible
 i - an amulet of guardian spirit (around neck)
 u - a +3 ring of slaying (right hand)
 H - a +4 ring of intelligence (left hand)
 P - an uncursed ring of flight
 R - an uncursed ring of protection from cold
Wands
 a - a wand of acid (7)
 k - a wand of clouds (6)
 r - a wand of disintegration (17)
 t - a wand of paralysis (10)
 E - a wand of iceblast (32)
 L - a wand of flame (19)
 W - a wand of enslavement (8)
Scrolls
 f - 7 scrolls of teleportation
 h - 9 scrolls of enchant weapon
 m - 2 scrolls of amnesia
 p - 2 scrolls of enchant armour
 s - a scroll of torment {unknown}
 x - 4 scrolls of magic mapping
 y - 2 scrolls of fear
 A - 3 scrolls of blinking
 F - a scroll of silence
 I - 4 scrolls of fog
 Z - 2 scrolls of remove curse
Potions
 e - 7 potions of curing
 g - 8 potions of haste
 l - a potion of might
 o - 5 potions of brilliance
 v - 5 potions of cancellation
 w - 3 potions of berserk rage
 z - 5 potions of heal wounds
 B - 2 potions of resistance
 C - 2 potions of invisibility {unknown}
 D - a potion of mutation {unknown}
 N - 3 potions of agility {unknown}
 Q - a potion of ambrosia
 T - a potion of magic
Comestibles
 d - 34 rations


   Skills:
 + Level 11.2 Fighting
 + Level 10.3 Short Blades
 + Level 10.3 Long Blades
 + Level 10.3 Axes
 + Level 10.3 Maces & Flails
 + Level 11.2 Polearms
 + Level 10.3 Staves
 + Level 10.3 Slings
 + Level 10.3 Bows
 + Level 10.3 Crossbows
 + Level 10.3 Throwing
 + Level 10.6 Armour
 + Level 11.2 Dodging
 + Level 10.3 Stealth
 + Level 10.3 Shields
 + Level 10.3 Unarmed Combat
 + Level 11.3 Spellcasting
 + Level 8.7 Conjurations
 + Level 8.7 Hexes
 + Level 10.2 Charms
 + Level 8.7 Summonings
 + Level 8.7 Necromancy
 + Level 8.7 Translocations
 + Level 8.7 Transmutations
 + Level 8.7 Fire Magic
 + Level 8.7 Ice Magic
 + Level 8.7 Air Magic
 + Level 8.7 Earth Magic
 + Level 8.7 Poison Magic
 + Level 11.1 Invocations
 + Level 10.3 Evocations


You had 18 spell levels left.
You knew the following spells:

 Your Spells              Type           Power        Failure   Level  Hunger
a - Mephitic Cloud        Conj/Pois/Air  ######..     1%          3    None
b - Shroud of Golubria    Chrm/Tloc      ######....   1%          2    None
c - Regeneration          Chrm/Necr      ######....   1%          3    None
d - Spectral Weapon       Hex/Chrm       ######..     1%          3    None
e - Blink                 Tloc           N/A          1%          2    None
f - Swiftness             Chrm/Air       ######..     1%          2    None
g - Animate Dead          Necr           N/A          3%          4    None

Your spell library contained the following spells:

 Spells                   Type           Power        Failure   Level  Hunger
 Animate Skeleton         Necr           N/A          1%          1    None
 Apportation              Tloc           ######       1%          1    None
 Confusing Touch          Hex            ######       1%          1    None
 Infusion                 Chrm           ####         1%          1    None
 Magic Dart               Conj           ####         1%          1    None
 Pain                     Necr           ####         1%          1    None
 Shock                    Conj/Air       ####         1%          1    None
 Summon Small Mammal      Summ           ####         1%          1    None
 Call Imp                 Summ           ######..     1%          2    None
 Passwall                 Tmut/Erth      ######..     1%          2    None
 Searing Ray              Conj           ######       1%          2    None
 Slow                     Hex            ######..     1%          2    None
 Song of Slaying          Chrm           ######..     1%          2    None
 Confuse                  Hex            ######..     1%          3    None
 Conjure Flame            Conj/Fire      ######..     1%          3    None
 Dazzling Spray           Conj/Hex       ######       1%          3    None
 Gell's Gravitas          Tloc           ######....   1%          3    None
 Static Discharge         Conj/Air       ######..     1%          3    None
 Teleport Other           Tloc           ######..     1%          3    None
 Vampiric Draining        Necr           ######....   1%          3    None
 Airstrike                Air            ######....   3%          4    None
 Force Lance              Conj/Tloc      ######..     3%          4    None
 Fulminant Prism          Conj/Hex       ######....   3%          4    None
 Iskenderun's Mystic Bla  Conj           ######..     3%          4    None
 Leda's Liquefaction      Hex/Erth       ######....   3%          4    None
 Petrify                  Tmut/Erth      ######..     3%          4    None
 Lightning Bolt           Conj/Air       ######....   9%          5    ###....
 Metabolic Englaciation   Hex/Ice        ######....   9%          5    ###....
 Yara's Violent Unravell  Hex/Tmut       ######....   9%          5    ###....
 Dispersal                Tloc           ######....   41%         6    #####..


Dungeon Overview and Level Annotations

Branches:
Dungeon (15/15)            Temple (0/1) D:7            Lair (6/6) D:9
  Swamp (0/4) Lair:3        Snake (0/4) Lair:4        Slime (0/5) Lair:5
    Orc (2/2) D:11         Vaults (0/5) D:13         Depths (0/5) D:15
    Elf: Orc:2

Altars:
Cheibriados
Gozag
Hepliaklqana
Kikubaaqudgha
Makhleb
Nemelex Xobeh
Okawaru
Uskayaw
Vehumet
Wu Jian
Xom
Yredelemnul
Jiyva

Shops:
D:5 (   D:11 }[   D:13 *?   Orc:2 (

Annotations:
D:15 2 transporters, Acyxumon's ghost, journeyman DDFi
Lair:3 exclusion: 2 oklob plants


Innate Abilities, Weirdness & Mutations

Your experience applies equally to all skills.
You have very sharp teeth.
Your uncanny sense of smell can sniff out nearby items.


Message History

The orc knight hits you with a +2 vampiric battleaxe!
* * * LOW HITPOINT WARNING * * *
Your skin is crawling a little less now.
The orc warrior no longer looks unusually strong.
The orc warrior barely misses you.
The orc warrior hits you from afar with a +0 glaive.
* * * LOW HITPOINT WARNING * * *
The orc sorcerer hits you but does no damage.
The orc warrior hits you but does no damage.
You feel like a meek peon again.
The orc warrior no longer looks unusually strong.
The orc knight completely misses you.
The orc knight roars a battlecry!
The orc warriors go into a battle-frenzy!
The orc warrior hits you but does no damage.
The orc sorcerer gestures wildly while chanting.
The orc warrior hits you from afar with a +0 glaive.
* * * LOW HITPOINT WARNING * * *
The orc warrior hits you with a +0 mace!
You die...

....$$........#
...............
...............
...............
...............
.......(.......
...............
.......<.#...#
.....oo@)..###.
<.....ooo.4...#
....T.To...P...
#..............
..........P...#
#.##.....8P....
.. ....P....PP.
.......∩.P...
..............


You could see 2 orc knights, 2 trolls, an orc sorcerer, a red devil and 3 orc
warriors.

Vanquished Creatures
  Rupert (Lair:4)
  An orc warlord (Orc:2)
  The ghost of Ratty the Grim Reaper, a journeyman MiFi of Yredelemnul (Lair:4)
  2 fire dragons (D:15)
  An ogre mage (D:10)
  9 hydras
  2 ice dragons (IceCv)
  Erica (Orc:1)
  A catoblepas (shapeshifter) (D:15)
  2 centaur warriors (D:15)
  An anaconda (Lair:4)
  2 death knights
  4 two-headed ogres
  5 tengu warriors
  6 death yaks (Lair:5)
  A deep elf knight (D:13)
  Sonja (D:11)
  A fire crab (Lair:6)
  A skeletal warrior (D:13)
  5 unseen horrors
  Pikel (D:7)
  3 deep elf magi (D:13)
  2 necromancers
  6 orc knights
  6 ugly things
  3 moths of wrath (Lair:6)
  A manticore (D:14)
  5 black mambas
  A torpor snail (Lair:3)
  3 centaur zombies
  2 ice statues (IceCv)
  3 elephants (Lair:5)
  4 spiny frogs
  5 gargoyles
  5 rime drakes
  2 kobold demonologists (D:12)
  3 komodo dragons
  2 freezing wraiths (D:15)
  4 efreet
  A komodo dragon (shapeshifter) (D:15)
  2 ice devils (Lair:6)
  5 trolls
  A polar bear (Lair:6)
  A polar bear (shapeshifter) (D:14)
  A queen bee (Lair:2)
  Grinder (D:3)
  A tyrant leech (Lair:6)
  13 blink frogs
  14 hippogriffs
  5 slime creatures (D:12)
  A blink frog (shapeshifter) (D:15)
  A dream sheep (Lair:4)
  2 bog bodies (Lair:3)
  Sigmund (D:2)
  5 shadows
  A spriggan (D:9)
  33 yaks
  5 wyverns
  3 wraiths (D:15)
  The ghost of tstbtto the Chopper, an amateur MiFi (D:3)
  A steam dragon (D:13)
  A redback simulacrum (D:13)
  3 basilisks
  2 wargs
  8 vampire mosquitoes
  An acid dragon (D:15)
  17 water moccasins
  16 ice beasts
  26 orc warriors
  10 porcupines
  3 slaves
  2 elephant zombies (Lair:3)
  An eye of draining (shapeshifter) (D:14)
  4 sky beasts
  A hornet zombie (D:13)
  A boggart (D:13)
  14 ogres
  2 phantoms
  20 centaurs
  13 crocodiles
  9 big kobolds
  Blork the orc (D:5)
  17 bullfrogs
  3 wyvern skeletons (D:13)
  4 scorpions
  31 killer bees
  18 wights
  5 electric eels
  2 howler monkeys (D:7)
  4 crimson imps
  A basilisk zombie (Lair:3)
  3 bullfrog zombies
  13 orc wizards
  Crazy Yiuf (D:3)
  11 centaur skeletons
  11 orc priests
  6 hounds
  3 jellies
  3 bullfrog skeletons
  Ijyb (D:3)
  Terence (D:3)
  3 iguanas
  15 worker ants
  A killer bee zombie (D:10)
  A crocodile zombie (Lair:3)
  A mummy (D:7)
  A worker ant zombie (D:7)
  17 adders
  4 gnolls
  A howler monkey skeleton (D:10)
  2 shadow imps
  An ooze (D:4)
  An adder skeleton (D:4)
  3 worms
  6 dart slugs
  A leopard gecko (D:5)
  66 orcs
  3 giant cockroaches
  12 goblins
  9 hobgoblins
  3 jackals
  11 kobolds
  3 quokkas
  3 ball pythons
  8 bats
  5 frilled lizards
  2 leopard gecko skeletons
  A quokka skeleton (D:4)
  10 rats
  A spectral orc (D:2)
  A fungus (Lair:5)
697 creatures vanquished.

Vanquished Creatures (others)
  A bush (Lair:6)
  5 fungi
  15 plants
  13 spectral weapons
34 creatures vanquished.

Grand Total: 731 creatures vanquished

Notes
Turn   | Place    | Note
-------+----------+-------------------------------------------
     0 | D:1      | gruber the Gnoll Skald began the quest for the Orb.
     0 | D:1      | Reached XP level 1. HP: 20/20 MP: 6/6
    38 | D:1      | Reached XP level 2. HP: 26/26 MP: 0/7
   294 | D:1      | Reached XP level 3. HP: 31/31 MP: 5/9
   298 | D:1      | Learned a level 2 spell: Shroud of Golubria
   302 | D:1      | Learned a level 3 spell: Regeneration
   306 | D:1      | Learned a level 3 spell: Spectral Weapon
   327 | D:1      | Reached skill level 5 in Spellcasting
   934 | D:2      | Found a burning altar of Makhleb.
   935 | D:2      | Found a shimmering altar of Xom.
   938 | D:2      | Found a hide-covered altar of Uskayaw.
   940 | D:2      | Reached skill level 1 in Invocations
   966 | D:2      | Noticed Sigmund
  1029 | D:2      | Killed Sigmund
  1029 | D:2      | Reached skill level 1 in Short Blades
  1029 | D:2      | Reached skill level 1 in Long Blades
  1029 | D:2      | Reached skill level 1 in Axes
  1029 | D:2      | Reached skill level 1 in Maces & Flails
  1029 | D:2      | Reached skill level 1 in Staves
  1029 | D:2      | Reached skill level 1 in Slings
  1029 | D:2      | Reached skill level 1 in Bows
  1029 | D:2      | Reached skill level 1 in Crossbows
  1029 | D:2      | Reached skill level 1 in Throwing
  1029 | D:2      | Reached skill level 1 in Stealth
  1029 | D:2      | Reached skill level 1 in Shields
  1029 | D:2      | Reached skill level 1 in Unarmed Combat
  1029 | D:2      | Reached skill level 1 in Conjurations
  1029 | D:2      | Reached skill level 1 in Hexes
  1029 | D:2      | Reached skill level 1 in Summonings
  1029 | D:2      | Reached skill level 1 in Necromancy
  1029 | D:2      | Reached skill level 1 in Translocations
  1029 | D:2      | Reached skill level 1 in Transmutations
  1029 | D:2      | Reached skill level 1 in Fire Magic
  1029 | D:2      | Reached skill level 1 in Ice Magic
  1029 | D:2      | Reached skill level 1 in Air Magic
  1029 | D:2      | Reached skill level 1 in Earth Magic
  1029 | D:2      | Reached skill level 1 in Poison Magic
  1029 | D:2      | Reached skill level 1 in Evocations
  1029 | D:2      | Reached XP level 4. HP: 25/38 MP: 1/11
  1029 | D:2      | Reached XP level 5. HP: 29/43 MP: 1/12
  1230 | D:2      | Found an iron altar of Okawaru.
  1241 | D:2      | Became a worshipper of Warmaster Okawaru
  1290 | D:2      | You fall through a shaft for 2 floors!
  1309 | D:4      | Reached XP level 6. HP: 41/50 MP: 8/13
  1459 | D:4      | Reached skill level 5 in Fighting
  1459 | D:4      | Reached skill level 5 in Polearms
  1459 | D:4      | Reached skill level 5 in Dodging
  1505 | D:4      | Reached XP level 7. HP: 56/56 MP: 5/15
  1544 | D:4      | Reached * piety under Okawaru
  2075 | D:2      | Found a basalt altar of Yredelemnul.
  2209 | D:3      | Found an ornate altar of the Wu Jian Council.
  2210 | D:3      | Noticed Grinder
  2213 | D:3      | Noticed Terence
  2221 | D:3      | Noticed Ijyb
  2319 | D:3      | Found a large runed door.
  2320 | D:3      | Found a large runed door.
  2320 | D:3      | Noticed tstbtto's ghost (amateur MiFi)
  2355 | D:3      | Killed Ijyb
  2526 | D:3      | Killed Grinder
  2526 | D:3      | Reached XP level 8. HP: 61/63 MP: 6/16
  2557 | D:3      | Killed Terence
  2689 | D:3      | Found a runed door.
  2693 | D:3      | Noticed Crazy Yiuf
  2700 | D:3      | Killed Crazy Yiuf
  2786 | D:3      | Killed tstbtto's ghost
  3080 | D:4      | Found a hazy altar of Hepliaklqana.
  3512 | D:5      | Entered Level 5 of the Dungeon
  3544 | D:5      | Found Fanocar's Antique Weapon Boutique.
  3648 | D:5      | Reached ** piety under Okawaru
  3743 | D:5      | Noticed Blork the orc
  3758 | D:5      | Killed Blork the orc
  3789 | D:5      | Reached XP level 9. HP: 69/69 MP: 14/18
  4430 | D:6      | Found a radiant altar of Vehumet.
  4595 | D:6      | Reached skill level 5 in Armour
  4614 | D:6      | Reached *** piety under Okawaru
  4945 | D:7      | Reached skill level 5 in Invocations
  5254 | D:7      | Found a staircase to the Ecumenical Temple.
  5328 | D:7      | Found an opulent altar of Gozag.
  5397 | D:7      | Noticed Pikel
  5554 | D:7      | Killed Pikel
  5554 | D:7      | Reached XP level 10. HP: 77/77 MP: 20/20
  5655 | D:7      | Found a snail-covered altar of Cheibriados.
  5860 | D:8      | You fall through a shaft for 3 floors!
  5862 | D:11     | Noticed a two-headed ogre
  5880 | D:11     | Killed a two-headed ogre
  5880 | D:11     | Reached **** piety under Okawaru
  5880 | D:11     | Reached skill level 5 in Short Blades
  5880 | D:11     | Reached skill level 5 in Long Blades
  5880 | D:11     | Reached skill level 5 in Axes
  5880 | D:11     | Reached skill level 5 in Maces & Flails
  5880 | D:11     | Reached skill level 5 in Staves
  5880 | D:11     | Reached skill level 5 in Slings
  5880 | D:11     | Reached skill level 5 in Bows
  5880 | D:11     | Reached skill level 5 in Crossbows
  5880 | D:11     | Reached skill level 5 in Throwing
  5880 | D:11     | Reached skill level 5 in Stealth
  5880 | D:11     | Reached skill level 5 in Shields
  5880 | D:11     | Reached skill level 5 in Unarmed Combat
  5880 | D:11     | Reached skill level 5 in Evocations
  5997 | D:11     | Found a staircase to the Orcish Mines.
  5999 | D:11     | Found Ykhac's Armour Emporium.
  6351 | D:11     | Bought the +2 helmet of Riabluu {rN++} for 352 gold pieces
  6419 | D:11     | Noticed Sonja
  6433 | D:11     | Killed Sonja
  6640 | D:11     | Noticed a seven-headed hydra
  6958 | D:10     | Entered Level 10 of the Dungeon
  6980 | D:10     | Found a hazy altar of Hepliaklqana.
  6981 | D:10     | Found an opulent altar of Gozag.
  6981 | D:10     | Found a hide-covered altar of Uskayaw.
  6981 | D:10     | Found an ancient bone altar of Kikubaaqudgha.
  6989 | D:10     | Got an ancient quarterstaff
  6990 | D:10     | Identified the +2 quarterstaff "Jejith" {elec, +Fly Str+3
                  | Dex+2} (You found it on level 10 of the Dungeon)
  7236 | D:10     | Reached XP level 11. HP: 78/84 MP: 22/22
  7256 | D:10     | Noticed a death knight
  7454 | D:8      | Reached ***** piety under Okawaru
  8282 | D:9      | Found a staircase to the Lair.
  8782 | D:9      | Found a sparkling altar of Nemelex Xobeh.
  8954 | D:10     | Reached skill level 5 in Conjurations
  8954 | D:10     | Reached skill level 5 in Hexes
  8954 | D:10     | Reached skill level 5 in Summonings
  8954 | D:10     | Reached skill level 5 in Necromancy
  8954 | D:10     | Reached skill level 5 in Translocations
  8954 | D:10     | Reached skill level 5 in Transmutations
  8954 | D:10     | Reached skill level 5 in Fire Magic
  8954 | D:10     | Reached skill level 5 in Ice Magic
  8954 | D:10     | Reached skill level 5 in Air Magic
  8954 | D:10     | Reached skill level 5 in Earth Magic
  8954 | D:10     | Reached skill level 5 in Poison Magic
  8992 | D:10     | Received a gift from Okawaru
  9023 | D:10     | Noticed an ogre mage
  9044 | D:10     | Killed an ogre mage
  9339 | D:10     | Killed a death knight
  9362 | D:10     | Received a gift from Okawaru
  9383 | D:10     | Identified the Compendium of the Earthen Voyage
  9404 | D:10     | Got a heavily runed helmet
  9637 | Lair:1   | Entered Level 1 of the Lair of Beasts
  9760 | Lair:1   | Received a gift from Okawaru
  9761 | Lair:1   | Got an obsidian-encrusted scale mail {god gift}
 10092 | Lair:1   | Identified the cursed +0 helmet "Ugont" {Regen+} (You found
                  | it on level 10 of the Dungeon)
 10190 | Lair:1   | Noticed a five-headed hydra
 10210 | Lair:1   | Killed a five-headed hydra
 10210 | Lair:1   | Reached XP level 12. HP: 86/93 MP: 21/24
 10385 | Lair:2   | Noticed a four-headed hydra
 10393 | Lair:2   | Killed a four-headed hydra
 10729 | Lair:2   | Received a gift from Okawaru
 10732 | Lair:2   | Got a dazzling longbow {god gift}
 10733 | Lair:2   | Identified the +1 longbow of Wualeud {flame, Str+3 Dex+5
                  | SInv} (Okawaru gifted it to you on level 2 of the Lair of
                  | Beasts)
 10827 | Lair:2   | Learned a level 3 spell: Mephitic Cloud
 10830 | Lair:2   | Learned a level 2 spell: Blink
 11855 | Lair:3   | Received a gift from Okawaru
 12012 | Lair:3   | Identified the +4 scale mail "Oxunyil" {rF+ Slay+6}
                  | (Okawaru gifted it to you on level 1 of the Lair of Beasts)
 12094 | Lair:3   | Found a staircase to the Swamp.
 12538 | Lair:3   | Noticed a seven-headed hydra
 12546 | Lair:3   | Killed a seven-headed hydra
 12709 | Lair:3   | Learned a level 2 spell: Swiftness
 12892 | Lair:4   | Reached XP level 13. HP: 101/101 MP: 26/26
 12936 | Lair:4   | Noticed Rupert
 12954 | Lair:4   | Killed Rupert
 12954 | Lair:4   | Received a gift from Okawaru
 13209 | Lair:4   | Found a staircase to the Snake Pit.
 13315 | Lair:4   | Found a runed gate.
 13315 | Lair:4   | Found a runed gate.
 13316 | Lair:4   | Found a runed gate.
 13318 | Lair:4   | Noticed Ratty's ghost (journeyman MiFi)
 14623 | Lair:5   | Received a gift from Okawaru
 14767 | Lair:5   | Found a viscous altar of Jiyva.
 14767 | Lair:5   | Found a staircase to the Slime Pits.
 14890 | Lair:6   | Entered Level 6 of the Lair of Beasts
 14952 | Lair:6   | Reached skill level 10 in Spellcasting
 14968 | Lair:6   | Found a frozen archway.
 14983 | Lair:6   | Reached XP level 14. HP: 93/109 MP: 16/28
 15027 | IceCv    | Entered an ice cave
 15074 | IceCv    | Reached ****** piety under Okawaru
 15722 | IceCv    | Reached skill level 10 in Fighting
 15722 | IceCv    | Reached skill level 10 in Polearms
 15722 | IceCv    | Reached skill level 10 in Dodging
 16331 | Lair:6   | Received a gift from Okawaru
 16783 | D:11     | Found Vesosh's Gadget Boutique.
 16946 | D:11     | Got an ancient arbalest
 16947 | D:11     | Identified the +3 arbalest of Conservatism {penet, Str-5
                  | Int+8 Dex+4} (You found it on level 11 of the Dungeon)
 16977 | Orc:1    | Entered Level 1 of the Orcish Mines
 17151 | Orc:1    | Noticed Erica
 17163 | Orc:1    | Killed Erica
 17246 | Orc:1    | Received a gift from Okawaru
 17281 | Orc:1    | Reached skill level 10 in Invocations
 17610 | Lair:4   | Got a spiked plate armour {god gift}
 17800 | D:12     | Received a gift from Okawaru
 18050 | D:12     | Identified the +2 plate armour of the Empire {rF+ Int-3
                  | Dex+2 Stlth+} (Okawaru gifted it to you on level 4 of the
                  | Lair of Beasts)
 18458 | D:13     | Received a gift from Okawaru
 18767 | Lair:4   | Killed Ratty's ghost
 18767 | Lair:4   | Reached XP level 15. HP: 105/117 MP: 25/29
 18947 | D:13     | Found Ukesch's Magic Scroll Emporium.
 18959 | D:13     | Bought a scroll of acquirement for 832 gold pieces
 18964 | D:13     | Bought a scroll of acquirement for 832 gold pieces
 18987 | D:13     | Bought a scroll of identify for 32 gold pieces
 18987 | D:13     | Bought a scroll of identify for 32 gold pieces
 19109 | D:13     | Learned a level 4 spell: Animate Dead
 19197 | D:13     | Reached skill level 10 in Armour
 19289 | D:13     | Found Minofet's Assorted Antiques.
 19330 | D:13     | Received a gift from Okawaru
 19333 | D:13     | Got a brightly glowing battleaxe {god gift}
 19334 | D:13     | Identified the +8 battleaxe of Ash {elec, rF++ Dex+4}
                  | (Okawaru gifted it to you on level 13 of the Dungeon)
 19598 | D:13     | Found a gate to the Vaults.
 19805 | D:14     | Received a gift from Okawaru
 19830 | D:14     | Identified a +0 pair of boots of running (Okawaru gifted it
                  | to you on level 14 of the Dungeon)
 20144 | D:14     | Reached skill level 10 in Charms
 20539 | D:15     | Entered Level 15 of the Dungeon
 20571 | D:15     | Reached skill level 10 in Short Blades
 20571 | D:15     | Reached skill level 10 in Long Blades
 20571 | D:15     | Reached skill level 10 in Axes
 20571 | D:15     | Reached skill level 10 in Maces & Flails
 20571 | D:15     | Reached skill level 10 in Staves
 20571 | D:15     | Reached skill level 10 in Slings
 20571 | D:15     | Reached skill level 10 in Bows
 20571 | D:15     | Reached skill level 10 in Crossbows
 20571 | D:15     | Reached skill level 10 in Throwing
 20571 | D:15     | Reached skill level 10 in Stealth
 20571 | D:15     | Reached skill level 10 in Shields
 20571 | D:15     | Reached skill level 10 in Unarmed Combat
 20571 | D:15     | Reached skill level 10 in Evocations
 20819 | D:15     | Found a staircase to the Depths.
 20877 | D:15     | Found a transporter.
 21031 | D:15     | Noticed Acyxumon's ghost (journeyman DDFi)
 21032 | D:15     | Noticed a shadow dragon
 21249 | D:15     | Received a gift from Okawaru
 21281 | D:15     | Found a transporter.
 21618 | Orc:2    | Entered Level 2 of the Orcish Mines
 21618 | Orc:2    | Noticed an orc warlord
 21628 | Orc:2    | Found Qutogg's Antique Weapon Boutique.
 21637 | Orc:2    | Killed an orc warlord
 21637 | Orc:2    | Reached XP level 16. HP: 125/125 MP: 17/31
 21661 | Orc:2    | Paralysed by an orc sorcerer for 5 turns
 21665 | Orc:2    | HP: 4/125 [orc warrior/+0 glaive (6)]
 21666 | Orc:2    | HP: 1/125 [orc warrior/+0 glaive (4)]
 21666 | Orc:2    | Mangled by an orc warrior

Vault maps used:
D:1:      dpeg_arrival_long_road, serial_bayou, serial_bayou_pond_b,
          serial_bayou_shore_a, serial_bayou_pond_c, serial_bayou_pond_d,
          serial_bayou_pond_b, serial_bayou_pond_b
D:2:      old_standard_altar, yredelemnul_forgotten_temple_becter,
          chequers_temple_overflow_statue_of_worship, first_ration, uniq_sigmund
D:3:      lemuel_round_altar, ebering_ghost_disaster_area, uniq_grinder,
          uniq_terence, uniq_ijyb, uniq_crazy_yiuf_cottage
D:4:      nicolae_overflow_hidden_temple
D:5:      serial_shops, shop, item_on_display_a, uniq_blork_the_orc
D:6:      vehumet_crystals, chequers_serial_rivers_small_3, minmay_three_doors
D:7:      slow_altar_2, minmay_temple_entry_enclosed_plants, basic_altar,
          uniq_pikel
D:9:      nemelex_altar_shiori, dpeg_oklobed_lair, the_bakery
D:10:     minmay_the_grid_octo_tiled_octocenter
D:11:     orc_david_3, serial_shops, shop, uniq_sonja
D:13:     hangedman_vaults_entry_quadrant_bands, special_room, serial_shops,
          shop, shop, minivault_4, hangedman_decor_peaks_small
D:14:     minmay_misc_feat_iff
D:15:     grunt_enter_depths_hoard, gammafunk_ghost_berserking_beasts,
          minmay_misc_feat_ornament, chequers_mini_garden
Lair:1:   minmay_hedge_maze, minivault_19
Lair:2:   special_room, zaba_anthole
Lair:3:   pond_and_an_island_with_a_cottage, skrybe_swamp_entry_bodies,
          minmay_lair_oklob_chamber
Lair:4:   minmay_snake_entry_six_corridors, gammafunk_ghost_split, uniq_rupert
Lair:5:   dpeg_slime_entry_enclosed_altar
Lair:6:   cheibrodos_lair_end_hotspot, portal_ice_cave_demonic_guard,
          worms_lemuel
Orc:1:    nicolae_orc_accident_1, uniq_erica
Orc:2:    grunt_orc_gardens, grunt_orc_garden, grunt_orc_garden,
          grunt_orc_garden, grunt_orc_garden, basic_altar,
          nicolae_orc_lost_temple
IceCv:    ice_cave_small_dragons

Skill      XL: |  1  2  3  4  5  6  7  8  9 10 11 12 13 14 15 |
---------------+----------------------------------------------+-----
Spellcasting   | 5 6 7 8 9 10 11 | 11.3
Invocations    | 1 2 3 4 5 6 7 8 9 10 11 | 11.1
Short Blades   | 1 2 3 4 5 6 7 8 9 10 | 10.3
Long Blades    | 1 2 3 4 5 6 7 8 9 10 | 10.3
Axes           | 1 2 3 4 5 6 7 8 9 10 | 10.3
Maces & Flails | 1 2 3 4 5 6 7 8 9 10 | 10.3
Staves         | 1 2 3 4 5 6 7 8 9 10 | 10.3
Slings         | 1 2 3 4 5 6 7 8 9 10 | 10.3
Bows           | 1 2 3 4 5 6 7 8 9 10 | 10.3
Crossbows      | 1 2 3 4 5 6 7 8 9 10 | 10.3
Throwing       | 1 2 3 4 5 6 7 8 9 10 | 10.3
Armour         | 3 4 5 6 7 8 9 10 | 10.6
Stealth        | 1 2 3 4 5 6 7 8 9 10 | 10.3
Shields        | 1 2 3 4 5 6 7 8 9 10 | 10.3
Unarmed Combat | 1 2 3 4 5 6 7 8 9 10 | 10.3
Conjurations   | 1 2 3 4 5 6 7 8 |  8.7
Hexes          | 1 2 3 4 5 6 7 8 |  8.7
Summonings     | 1 2 3 4 5 6 7 8 |  8.7
Necromancy     | 1 2 3 4 5 6 7 8 |  8.7
Translocations | 1 2 3 4 5 6 7 8 |  8.7
Transmutations | 1 2 3 4 5 6 7 8 |  8.7
Fire Magic     | 1 2 3 4 5 6 7 8 |  8.7
Ice Magic      | 1 2 3 4 5 6 7 8 |  8.7
Air Magic      | 1 2 3 4 5 6 7 8 |  8.7
Earth Magic    | 1 2 3 4 5 6 7 8 |  8.7
Poison Magic   | 1 2 3 4 5 6 7 8 |  8.7
Evocations     | 1 2 3 4 5 6 7 8 9 10 | 10.3
Fighting       | 5 6 7 8 9 10 11 | 11.2
Polearms       | 5 6 7 8 9 10 11 | 11.2
Dodging        | 5 6 7 8 9 10 11 | 11.2
Charms         | 6 7 8 9 10 | 10.2

Action                   |  1- 3 |  4- 6 |  7- 9 | 10-12 | 13-15 | 16-18 || total
-------------------------+-------+-------+-------+-------+-------+-------++-------
Melee: Spear             |    98 |    64 |   487 |   105 |       |       ||   754
       Bite              |     3 |     8 |    38 |    58 |   147 |     2 ||   256
       Punch             |       |     1 |     8 |     4 |       |       ||    13
       Quarterstaff      |       |       |       |   415 |   914 |    21 ||  1350
       Battleaxe         |       |       |       |       |   141 |       ||   141
 Fire: Blowgun           |       |       |       |       |     5 |       ||     5
 Cast: Infusion          |     7 |     1 |     6 |     3 |       |       ||    17
       Spectral Weapon   |     1 |     5 |    50 |    42 |    50 |     1 ||   149
       Regeneration      |     1 |       |    10 |     4 |    15 |       ||    30
       Shroud of Golubri |       |     1 |     9 |     7 |    12 |       ||    29
       Swiftness         |       |       |       |       |     1 |       ||     1
Invok: Heroism           |       |       |     3 |    13 |    13 |       ||    29
       Finesse           |       |       |       |     2 |     5 |       ||     7
  Use: Scroll            |       |       |       |    18 |    22 |       ||    40
       Potion            |       |       |       |     2 |       |       ||     2
 Stab: Sleeping          |     1 |       |    14 |    18 |    15 |       ||    48
       Distracted        |       |     1 |    10 |     4 |     9 |       ||    24
  Eat: Chunk             |       |     3 |    16 |    15 |    21 |       ||    55
       Ration            |       |       |       |     2 |     3 |       ||     5
Armor: Leather armour    |    11 |       |       |       |       |       ||    11
       Robe              |       |     7 |    60 |    93 |       |       ||   160
       Skin              |       |       |       |    18 |       |       ||    18
       Scale mail        |       |       |       |     6 |   468 |     8 ||   482
Dodge: Dodged            |    35 |    24 |   187 |   369 |   847 |    17 ||  1479

Table legend:
 A = Non-vault XP
 B = Vault XP
 C = Vault XP percentage of total XP
 D = Non-vault monster count
 E = Vault monster count
 F = Vault count percentage of total count
                 A         B        C        D         E       F
            +---------+---------+-------+---------+---------+-------
      Total |   88779 |   40753 |  31.5 |     498 |     195 |  28.1
            +---------+---------+-------+---------+---------+-------
        D:1 |      29 |      20 |  40.8 |      18 |      11 |  37.9
        D:2 |      51 |     224 |  81.5 |      20 |       2 |   9.1
        D:3 |     130 |     593 |  82.0 |      25 |       5 |  16.7
        D:4 |     664 |       0 |   0.0 |      21 |       0 |   0.0
        D:5 |     923 |      94 |   9.2 |      17 |       1 |   5.6
        D:6 |     552 |     233 |  29.7 |      13 |       2 |  13.3
        D:7 |    1081 |     659 |  37.9 |      16 |       2 |  11.1
        D:8 |    1353 |       0 |   0.0 |      11 |       0 |   0.0
        D:9 |     270 |     211 |  43.9 |       4 |       1 |  20.0
       D:10 |    1009 |    4336 |  81.1 |      12 |      19 |  61.3
       D:11 |    3094 |    1198 |  27.9 |      21 |       8 |  27.6
       D:12 |    6653 |       0 |   0.0 |      40 |       0 |   0.0
       D:13 |   10669 |    6165 |  36.6 |      37 |      45 |  54.9
       D:14 |    8932 |       0 |   0.0 |      37 |       0 |   0.0
       D:15 |   17427 |    2157 |  11.0 |      67 |       2 |   2.9
     Lair:1 |    4596 |       0 |   0.0 |      21 |       0 |   0.0
     Lair:2 |    5271 |    1916 |  26.7 |      21 |      29 |  58.0
     Lair:3 |    4110 |    1438 |  25.9 |      19 |       7 |  26.9
     Lair:4 |    2683 |    7118 |  72.6 |      14 |      21 |  60.0
     Lair:5 |   13887 |       0 |   0.0 |      34 |       0 |   0.0
     Lair:6 |    3666 |    4339 |  54.2 |      12 |      11 |  47.8
      Orc:1 |    1564 |    2352 |  60.1 |      17 |       5 |  22.7
      Orc:2 |     165 |    2280 |  93.3 |       1 |       4 |  80.0
      IceCv |       0 |    5420 | 100.0 |       0 |      20 | 100.0
            +---------+---------+-------+---------+---------+-------
